 Dungeon Crawl Stone Soup version 0.19-a0-1091-g463c9de (webtiles) character file.

6723 Levianaught the Basher (level 11, -9/96 (97) HPs)
             Began as a Hill Orc Berserker on Aug 7, 2016.
             Was an Elder of Jiyva.
             Mangled by a black bear (10 damage)
             ... created by the rage of Trog
             ... on level 1 of the Lair of Beasts.
             The game lasted 00:35:24 (8439 turns).

Levianaught the Basher (Hill Orc Berserker)         Turns: 8439, Time: 00:35:25

HP:   -9/96 (97)    AC: 19    Str: 24    XL:     11   Next: 4%
MP:   11/11         EV: 13    Int:  7    God:    Jiyva [****..]
Gold: 370           SH:  0    Dex: 10    Spells: 0 memorised, 10 levels left

rFire  . . .     SeeInvis .     n - +2 dire flail (freeze)
rCold  . . .     Gourm    .     C - +0 plate armour
rNeg   . . .     Faith    .     (shield currently unavailable)
rPois  +         Spirit   .     k - +0 helmet
rElec  .         Dismiss  +     q - +2 cloak
rCorr  +         Reflect  .     (no gloves)
SustAt .         Harm     .     (no boots)
MR     .....                    t - amulet of dismissal
Stlth  ..........               m - +4 ring of evasion
                                p - ring of poison resistance

@:
A: talons 1, sense surroundings 1
a: Request Jelly, Jelly Paralyse, Slimify, Renounce Religion


You were on level 1 of the Lair of Beasts.
You worshipped Jiyva.
Jiyva was greatly pleased with you.
You were full.

You visited 2 branches of the dungeon, and saw 9 of its levels.

You collected 503 gold pieces.
You spent 133 gold pieces at shops.

Inventory:

Hand Weapons
 e - a +1 whip of draining
 n - a +2 dire flail of freezing (weapon)
Armour
 k - a +0 helmet (worn)
 q - a +2 cloak (worn)
 s - a +0 cloak
 C - a +0 plate armour (worn)
Jewellery
 m - a +4 ring of evasion (right hand)
 p - a ring of poison resistance (left hand)
 t - an amulet of dismissal (around neck)
 A - the amulet of Sidwo {+Rage rF+++ Str-3 Slay+5, unknown}
   (You found it on level 1 of the Lair of Beasts)

   [amulet of rage]

   It affects your strength (-3).
   It affects your accuracy and damage with ranged weapons and melee attacks
   (+5).
   It renders you almost immune to fire.
   It lets you go berserk.
Wands
 f - a wand of lightning (10/15)
 z - a wand of lightning (9/15)
Scrolls
 a - a scroll of fear
 g - 3 scrolls of remove curse
 l - a scroll of enchant weapon
 u - 3 scrolls of teleportation
 v - a scroll of magic mapping
 w - a scroll of enchant armour {unknown}
 x - 2 scrolls of fog
 y - a scroll of identify
Potions
 b - a potion of flight
 d - a potion of heal wounds {unknown}
 j - a potion of ambrosia
 o - 2 potions of curing
Comestibles
 c - 2 bread rations
 h - 9 royal jellies
 i - 3 fruits
 r - 2 meat rations


   Skills:
 - Level 9.3 Fighting
 + Level 11.2 Maces & Flails
 - Level 10.5 Armour
 - Level 5.1 Dodging


You had 10 spell levels left.
You didn't know any spells.

Dungeon Overview and Level Annotations

Branches:
Dungeon (8/15)             Temple (0/1) D:4            Lair (1/6) D:8

Altars:
Ashenzari
Cheibriados
Dithmenos
Gozag
Makhleb
Okawaru
Pakellas
Ru
Trog
Vehumet
Yredelemnul
Zin
The Shining One
Jiyva

Shops:
D:8 ?


Innate Abilities, Weirdness & Mutations

You have sharp toenails.
You passively map a small area around you.


Message History

The polar bear bites you!
The polar bear claws you but does no damage. x2
The black bear bites you but does no damage.
The black bear claws you. The black bear closely misses you.
The polar bear bites you!
* * * LOW HITPOINT WARNING * * *
The polar bear closely misses you. The polar bear barely misses you.
As you read the scroll of fear, it crumbles to dust.
You assume a fearsome visage.
The black bear bites you but does no damage.
The black bear claws you.
* * * LOW HITPOINT WARNING * * *
The black bear claws you but does no damage.
The ogre completely misses you. The polar bear bites you!!
* * * LOW HITPOINT WARNING * * *
The polar bear claws you but does no damage.
The polar bear claws you.
* * * LOW HITPOINT WARNING * * *
The black bear bites you!
You die...

#.###......######.#.###.#.....≈≈P
#.P#.#⌠.>.⌠#.........##.......≈≈≈
...........########.###.#.#...P≈♣
.#...##.⌠.## * ##...##.####PP♣
###..###..# , ######.# **## #
#..# #### * *#.# # #..# * * *P.P
###..# * #.##### *#.#
.#...##P#####..h@h## #.#
............#####Oh# #.#
##..#######.## #O#### #.# #...#
##..# #....# * ##..# #P.##
##....###* .#..# ##.#
##.......##. ....# #.#
#...........* ##.### #.#
##.......## ##.P.######.#
##....###


You could see a polar bear (berserk), 2 black bears and 2 ogres.

Vanquished Creatures
  A centaur warrior (D:8)
  Maurice (D:8)
  A black mamba (Lair:1)
  3 komodo dragons (Lair:1)
  A queen bee (D:8)
  Grinder (D:5)
  Grum (D:8)
  The ghost of Levianaught the Ducker, an amateur DsBe of Trog (D:5)
  A hippogriff (D:7)
  Menkaure (D:6)
  3 wargs (D:8)
  A necrophage (D:7)
  2 orc warriors
  A phantom (D:3)
  4 centaurs
  An ogre (D:8)
  4 wolves
  A big kobold (D:8)
  6 giant frogs
  A scorpion (D:4)
  13 killer bees
  5 wights (D:7)
  A howler monkey (D:5)
  6 crimson imps
  A centaur zombie (D:6)
  A quasit (D:5)
  8 jellies
  3 hounds
  3 orc priests
  3 iguanas
  12 orc wizards
  3 worker ants
  A worker ant zombie (D:5)
  7 gnolls
  A river rat (Lair:1)
  8 adders
  A shadow imp (D:5)
  An ooze (D:5)
  An adder skeleton (D:5)
  3 worms
  3 dart slugs
  4 giant geckos
  22 orcs
  3 giant cockroaches
  8 goblins
  7 hobgoblins
  3 jackals (D:6)
  6 quokkas
  8 ball pythons
  8 bats
  2 giant newts
  A jackal zombie (D:3)
  12 kobolds
  11 rats
216 creatures vanquished.

Vanquished Creatures (collateral kills)
  A killer bee (D:7)
1 creature vanquished.

Vanquished Creatures (others)
  A polar bear (D:8)
  2 hippogriffs
  A black bear (D:8)
  An ogre (D:8)
  3 wolves
  A centaur (D:8)
  A giant frog (Lair:1)
  A scorpion (D:8)
  6 killer bees (D:8)
  A crimson imp (D:8)
  A centaur skeleton (D:8)
  21 jellies
  A worker ant (D:8)
  5 river rats (Lair:1)
  An orc (D:8)
  A giant cockroach (D:8)
  A jackal (D:8)
  A bush (D:6)
  A plant (Lair:1)
51 creatures vanquished.

Grand Total: 268 creatures vanquished

Notes
Turn   | Place    | Note
-------+----------+-------------------------------------------
     0 | D:1      | Levianaught the Hill Orc Berserker began the quest for the Orb.
     0 | D:1      | Reached XP level 1. HP: 19/19 MP: 1/1
   382 | D:1      | Reached XP level 2. HP: 18/27 MP: 2/2
   819 | D:1      | Reached XP level 3. HP: 33/33 MP: 3/3
  1102 | D:2      | Reached skill level 4 in Maces & Flails
  1120 | D:2      | Reached ** piety under Trog
  1268 | D:2      | Reached XP level 4. HP: 41/41 MP: 4/4
  1964 | D:3      | Noticed a phantom
  2156 | D:3      | Found a glowing silver altar of Zin.
  2164 | D:3      | Found a shadowy altar of Dithmenos.
  2164 | D:3      | Found a radiant altar of Vehumet.
  2164 | D:3      | Found a snail-covered altar of Cheibriados.
  2164 | D:3      | Found a basalt altar of Yredelemnul.
  2389 | D:3      | Killed a phantom
  2389 | D:3      | Reached skill level 5 in Armour
  2389 | D:3      | Reached XP level 5. HP: 44/47 MP: 5/5
  2583 | D:4      | Reached XP level 6. HP: 53/53 MP: 6/6
  2659 | D:4      | Reached skill level 5 in Fighting
  2829 | D:4      | Found a glowing golden altar of the Shining One.
  2830 | D:4      | Found an opulent altar of Gozag.
  2830 | D:4      | Found a shattered altar of Ashenzari.
  2834 | D:4      | Found a bloodstained altar of Trog.
  2834 | D:4      | Found a burning altar of Makhleb.
  2835 | D:4      | Found an oddly glowing altar of Pakellas.
  3245 | D:4      | Found a staircase to the Ecumenical Temple.
  3403 | D:5      | Entered Level 5 of the Dungeon
  3449 | D:5      | Reached *** piety under Trog
  3502 | D:5      | Noticed Grinder
  3512 | D:5      | Paralysed by Grinder for 5 turns
  3533 | D:5      | Killed Grinder
  3533 | D:5      | Reached XP level 7. HP: 61/61 MP: 7/7
  3597 | D:5      | Noticed Levianaught's ghost (amateur DsBe)
  3630 | D:5      | Killed Levianaught's ghost
  4183 | D:5      | Reached XP level 8. HP: 64/69 MP: 6/8
  4534 | D:6      | Noticed Menkaure
  4556 | D:6      | Killed Menkaure
  4811 | D:6      | Reached skill level 5 in Dodging
  4915 | D:6      | Found a sacrificial altar of Ru.
  4982 | D:6      | Reached skill level 5 in Maces & Flails
  5035 | D:6      | Found an iron altar of Okawaru.
  5101 | D:6      | Reached XP level 9. HP: 78/78 MP: 9/9
  5373 | D:7      | Reached skill level 6 in Maces & Flails
  5542 | D:7      | Reached **** piety under Trog
  5815 | D:7      | Reached skill level 7 in Maces & Flails
  6477 | D:8      | Found a viscous altar of Jiyva.
  6484 | D:8      | Reached skill level 8 in Maces & Flails
  6495 | D:8      | Fell from the grace of Trog
  6495 | D:8      | Became a worshipper of Jiyva Jedepset the Shapeless
  6521 | D:8      | Reached XP level 10. HP: 90/90 MP: 10/10
  6523 | D:8      | Noticed Grum
  6566 | D:8      | Killed Grum
  6792 | D:8      | Found Jocsabb's Magic Scroll Shop.
  6801 | D:8      | Bought a scroll of blinking for 105 gold pieces
  6801 | D:8      | Bought a scroll of identify for 28 gold pieces
  6809 | D:8      | Found a staircase to the Lair.
  6811 | D:8      | Noticed Maurice
  6822 | D:8      | Reached skill level 9 in Maces & Flails
  6845 | D:8      | Gained mutation: Your flesh is heat resistant. (rF+) [potion of mutation]
  6845 | D:8      | Gained mutation: You passively map a small area around you. [potion of mutation]
  6845 | D:8      | Gained mutation: You have sharp toenails. [potion of mutation]
  6868 | D:8      | Killed Maurice
  6944 | D:8      | Reached * piety under Jiyva
  7020 | D:8      | Reached ** piety under Jiyva
  7041 | D:8      | Found an oddly glowing altar of Pakellas.
  7055 | D:8      | Noticed a centaur warrior
  7071 | D:8      | Killed a centaur warrior
  7458 | D:8      | Reached skill level 10 in Maces & Flails
  7458 | D:8      | Reached skill level 10 in Armour
  7494 | D:8      | Reached *** piety under Jiyva
  7701 | Lair:1   | Entered Level 1 of the Lair of Beasts
  7737 | Lair:1   | Lost mutation: Your flesh is heat resistant. (rF+) [Jiyva's grace]
  8119 | Lair:1   | Reached **** piety under Jiyva
  8330 | Lair:1   | Noticed a black mamba
  8338 | Lair:1   | Killed a black mamba
  8338 | Lair:1   | Reached XP level 11. HP: 75/96 MP: 11/11
  8415 | Lair:1   | Got a smoking sapphire amulet
  8435 | Lair:1   | Reached skill level 11 in Maces & Flails
  8439 | Lair:1   | HP: 1/96 [polar bear[the rage of Trog] (5)]
  8439 | Lair:1   | Mangled by a black bear

Vault maps used:
D:1:      zelgadis_glass_arrival_small
D:3:      minitemple, minmay_shallow_snake_nest
D:4:      grunt_temple_overflow_open, first_bread, dk_noncrumbling_3,
          grunt_ministairs_1
D:5:      kennysheep_six_static_rooms, serial_co_window_serial,
          co_window_paths_a, co_window_of_opportunity_a, co_window_cross_1,
          co_window_paths_b, co_window_paths_a, co_window_of_opportunity_a,
          co_window_of_opportunity_a, co_window_paths_c,
          co_window_of_opportunity_c, co_window_broadway_a,
          co_window_broadway_b, co_window_of_opportunity_b,
          co_window_broadway_a, glass_columns_a, glass_columns_a,
          glass_columns_a, glass_columns_a, glass_columns_a, uniq_grinder
D:6:      lemuel_round_altar, kb_lookout_dungeons_type, okawaru_gym_becter,
          uniq_menkaure
D:8:      erik_lair_orcish_takeover, basic_altar, serial_shops,
          nicolae_shop_trees, david_nohive_1, jiyva_altar_1, uniq_grum,
          uniq_maurice
Lair:1:   serial_bayou_shore_b, lemuel_fruit_tree, grunt_megastairs_1

Skill      XL: |  1  2  3  4  5  6  7  8  9 10 11 |
---------------+----------------------------------+-----
Fighting       | 4 5 6 9 |  9.3
Maces & Flails | 4 5 8 10 11 | 11.2
Armour         | 3 5 6 7 8 10 | 10.5
Dodging        | 3 4 5 |  5.1

Action                   |  1- 3 |  4- 6 |  7- 9 | 10-12 || total
-------------------------+-------+-------+-------+-------++-------
Melee: Whip              |    94 |   287 |   527 |       ||   908
       Mace              |    12 |       |       |       ||    12
       Dire flail        |       |       |    29 |   215 ||   244
       Kick              |       |       |       |    32 ||    32
Invok: Trog's Hand       |       |     4 |     6 |       ||    10
       Berserk           |       |     1 |     4 |       ||     5
       Burn Spellbooks   |       |       |     1 |       ||     1
       Brothers in Arms  |       |       |     1 |       ||     1
       Request Jelly     |       |       |       |     2 ||     2
       Jelly Paralyse    |       |       |       |     1 ||     1
  Use: Scroll            |       |       |     9 |     7 ||    16
       Potion            |       |       |     3 |     3 ||     6
  Eat: Chunk             |       |     5 |     2 |       ||     7
       Bread ration      |       |     1 |     3 |       ||     4
       Meat ration       |       |     1 |     1 |       ||     2
       Beef jerky        |       |       |     1 |       ||     1
Armor: Animal skin       |     7 |       |       |       ||     7
       Chain mail        |    18 |   139 |   187 |       ||   344
       Ring mail         |     6 |       |       |       ||     6
       Plate armour      |       |       |    33 |   165 ||   198
Dodge: Dodged            |    64 |   201 |   315 |   189 ||   769
Block: Buckler           |       |       |    57 |       ||    57
